 Dungeon Crawl Stone Soup version 0.25.1-2-g60ff931df9 (webtiles) character file.

Game seed: 17313553547287929133

541 Delamore the Cudgeler (level 7, 0/44 HPs)
             Began as a Gargoyle Fighter on Sept 7, 2020.
             Was a Follower of Okawaru.
             Killed from afar by Ijyb (18 damage)
             ... with a bolt of acid
             ... on level 4 of the Dungeon.
             The game lasted 00:03:46 (4553 turns).

Delamore the Cudgeler (Gargoyle Fighter)            Turns: 4553, Time: 00:03:47

Health: 0/44       AC: 13    Str: 21    XL:     7   Next: 26%
Magic:  7/7        EV:  5    Int:  9    God:    Okawaru [*.....]
Gold:   158        SH:  9    Dex:  9    Spells: 6/6 levels left

rFire    . . .     SeeInvis .   u - +1 flail (vorpal)
rCold    . . .     Gourm    .   c - +0 kite shield
rNeg     + . .     Faith    .   r - +0 chain mail
rPois    ∞         Spirit   .   (no helmet)
rElec    +         Reflect  .   (no cloak)
rCorr    .         Harm     .   (no gloves)
MR       .....                  (no boots)
Stlth    ..........             (no amulet)
HPRegen  0.14/turn              (no ring)
MPRegen  0.10/turn              (no ring)

@: no status effects
A: negative energy resistance 1, electricity resistance, unbreathing,
petrification resistance, rot immunity, AC +4
a: Heroism, Renounce Religion


You were on level 4 of the Dungeon.
You worshipped Okawaru.
Okawaru was aware of your devotion.
You were not hungry.

You visited 1 branch of the dungeon, and saw 4 of its levels.

You collected 158 gold pieces.

Inventory:

Hand Weapons
 a - a +0 flail
 u - a +1 vorpal flail (weapon)
Missiles
 g - a throwing net (quivered)
 y - 4 poisoned darts
Armour
 b - a +0 scale mail
 c - a +0 kite shield (worn)
 r - a +0 chain mail (worn)
Jewellery
 m - an uncursed ring of flight {unknown}
Scrolls
 e - a scroll of teleportation {unknown}
 h - 5 scrolls of identify {unknown}
 j - a scroll of amnesia {unknown}
 k - 2 scrolls of immolation {unknown}
 l - 3 scrolls of enchant weapon {unknown}
 n - 3 scrolls of remove curse {unknown}
 s - 2 scrolls of blinking {unknown}
 t - a scroll of fear {unknown}
 v - a scroll of fog {unknown}
 x - 2 scrolls of magic mapping {unknown}
 A - a scroll of noise {unknown}
Potions
 d - 2 potions of might
 i - a potion of curing
 o - a potion of haste {unknown}
 p - 3 potions of invisibility {unknown}
 q - a potion of berserk rage {unknown}
 w - 2 potions of resistance {unknown}
 z - 2 potions of stabbing {unknown}
 B - 2 potions of magic {unknown}
 C - a potion of brilliance {unknown}
Comestibles
 f - 6 rations


   Skills:
 - Level 5.0 Fighting
 + Level 6.0 Maces & Flails
 - Level 3.2 Armour
 - Level 5.0 Shields


You had 6 spell levels left.
You didn't know any spells.
Your spell library contained the following spells:

 Spells                   Type           Power        Failure   Level  Hunger
 Animate Skeleton         Necr           N/A          100%        1    ##.....
 Pain                     Necr           #...         100%        1    ##.....
 Vampiric Draining        Necr           #.........   100%        3    ####...
 Animate Dead             Necr           N/A          100%        4    #####..
 Agony                    Necr           #.......     100%        5    ######.


Dungeon Overview and Level Annotations

Branches:
Dungeon (4/15)
 Temple: D:4-7

Altars:
Gozag
Okawaru
Sif Muna

Annotations:
D:4 Ijyb


Innate Abilities, Weirdness & Mutations

You are resistant to torment.
Your stone body is resilient. (AC +4)
You are immune to poison.
You resist negative energy. (rN+)
You are resistant to electric shocks. (rElec)
You can survive without breathing.
You are immune to petrification.
You are immune to rotting.


Message History

Ijyb is nearby!
Your chain mail prevents you from hitting Ijyb.
Ijyb hits you but does no damage. Ijyb closely misses you.
You closely miss Ijyb. Ijyb hits you but does no damage.
You hit Ijyb.
Ijyb is moderately wounded.
Ijyb hits you but does no damage.
You hit Ijyb.
Ijyb is heavily wounded.
You block Ijyb's attack.
You closely miss Ijyb.
Ijyb is heavily wounded.
Ijyb zaps a wand.
The bolt of acid misses you.
You sock Ijyb!
Ijyb is almost dead.
Ijyb drinks a potion.
Ijyb is healed!
You hit Ijyb but do no damage.
Ijyb is severely wounded.
You block Ijyb's attack.
Ijyb zaps a wand.
The bolt of acid hits you!!
You die...

#.# #...#. ♣. #.#
#.... ♣. . #.#
#.... ♣. .♣ #.#
#....♣. .♣ #.#
#...♣. ._ #####
#.#.#....♣.♣ o...#
#.#...g...♣.♣
###.#
####.#####@...♣
#.#
#..........#...♣
#e#
#.##.#####........
###.# #.##.#
.....#.#. ..#.#
#.##.# ####.# #
#.#.# #.##.# .#
....# #.##.# #
#.#####.##.#
........##.#


You could see Ijyb.

Vanquished Creatures
  Blork the orc (D:3)
  Dowan (D:3)
  2 orc priests (D:4)
  2 orc wizards
  An iguana (D:4)
  A hound skeleton (D:4)
  A gnoll (D:1)
  7 adders
  2 oozes
  3 leopard geckos
  12 orcs
  A ball python (D:2)
  6 bats
  6 giant cockroaches
  6 goblins
  7 hobgoblins
  2 jackals (D:2)
  4 quokkas
  6 frilled lizards
  4 kobolds
  A leopard gecko skeleton (D:4)
  8 rats
84 creatures vanquished.

Vanquished Creatures (others)
  Duvessa (D:3)
1 creature vanquished.

Grand Total: 85 creatures vanquished

Notes
Turn   | Place    | Note
-------+----------+-------------------------------------------
     0 | D:1      | Delamore the Gargoyle Fighter began the quest for the Orb.
     0 | D:1      | Reached XP level 1. HP: 14/14 MP: 1/1
    30 | D:1      | Reached XP level 2. HP: 3/19 MP: 2/2
   632 | D:1      | Reached XP level 3. HP: 24/24 MP: 3/3
  1142 | D:2      | Reached XP level 4. HP: 14/29 MP: 4/4
  1466 | D:2      | Reached skill level 3 in Maces & Flails
  2274 | D:3      | Reached XP level 5. HP: 34/34 MP: 5/5
  2585 | D:3      | Found an opulent altar of Gozag.
  2806 | D:3      | Found an iron altar of Okawaru.
  2877 | D:3      | Became a worshipper of Warmaster Okawaru
  2959 | D:4      | Found a shimmering blue altar of Sif Muna.
  3528 | D:4      | Noticed Duvessa
  3528 | D:4      | Noticed Dowan
  3535 | D:4      | Noticed Blork the orc
  3598 | D:3      | Killed Blork the orc
  3598 | D:3      | Reached skill level 5 in Fighting
  3598 | D:3      | Reached skill level 4 in Maces & Flails
  3598 | D:3      | Reached skill level 5 in Shields
  3598 | D:3      | Reached XP level 6. HP: 13/40 MP: 6/6
  3818 | D:3      | Killed Duvessa
  3838 | D:3      | Killed Dowan
  3838 | D:3      | Reached skill level 5 in Maces & Flails
  3838 | D:3      | Reached XP level 7. HP: 24/44 MP: 7/7
  4293 | D:4      | Reached * piety under Okawaru
  4364 | D:4      | Reached skill level 6 in Maces & Flails
  4544 | D:4      | Found an iron altar of Okawaru.
  4546 | D:4      | Noticed Ijyb
  4553 | D:4      | Killed from afar by Ijyb

Illustrated notes

Levels and vault maps discovered:
D:1:      giann_bridges, layout_loops_ring
D:2:      layout_loops_ring, first_ration
D:3:      layout_loops_ring, overflow_temple_1_default,
          lemuel_coloured_pillars_altar
D:4:      layout_basic, nicolae_overflow_crystal_walls, okawaru_trees_2,
          uniq_ijyb, uniq_blork_the_orc, uniq_duvessa

Skill      XL: |  1  2  3  4  5  6  7 |
---------------+----------------------+-----
Fighting       | 4 5 |  5.0
Shields        | 4 5 |  5.0
Maces & Flails | 3 4 5 6 |  6.0
Armour         | |  3.2

Action                   |  1- 3 |  4- 6 |  7- 9 || total
-------------------------+-------+-------+-------++-------
Melee: Flail             |   132 |   262 |    62 ||   456
  Eat: Chunk             |     1 |     8 |       ||     9
       Ration            |       |       |     1 ||     1
Armor: Scale mail        |    76 |    86 |       ||   162
       Chain mail        |       |   119 |    38 ||   157
Dodge: Dodged            |    59 |    75 |    16 ||   150
Block: Kite shield       |    76 |   173 |    26 ||   275
